Map: Deathaura LE

Players

EnDerr - Winner!

  • Race: Zerg Zerg
  • Spawn Location: 11:00

RiSky

  • Race: Zerg Zerg
  • Spawn Location: 5:00

Event: DreamHack SC2 Masters 2020 Winter

VOD

Have the link to the VOD?

Description

Time

  • Played on: Oct. 21, 2020, 5:19 a.m.
  • Length: 13:38

All games in this series

Show
View Real Time Build Order
Export as new Build Order

EnDerr Zerg - Winner!

Build Orders: 3 Hatch before Pool 

Get SALT Encoding   

  12  0:00  Drone  
  13  0:13  Overlord  
  13  0:17  Drone  
  14  0:32  Drone x2  
  16  0:47  Hatchery  
  15  0:51  Drone  
  15  0:57  Drone  
  17  0:58  Drone  
  18  1:22  Hatchery  
  18  1:24  Drone  
  18  1:25  Drone  
  19  1:34  Extractor  
  18  1:41  Spawning Pool  
  18  1:44  Drone  
  18  1:46  Drone  
  19  1:54  Drone  
  20  2:00  Drone  
  21  2:03  Drone  
  22  2:12  Drone  
  22  2:14  Drone  
  24  2:28  Queen, Zergling x4  
  28  2:34  Queen  
  28  2:36  Metabolic Boost  
  30  2:41  Drone  
  30  2:42  Drone  
  30  2:44  Overlord  
  32  2:54  Queen  
  34  2:59  Baneling Nest  
  34  3:04  Drone x2  
  35  3:13  Drone x3  
  38  3:23  Zergling x4, Overlord  
  38  3:24  Overlord  
  40  3:39  Zergling x4  
  41  3:41  Zergling x10  
  41  3:43  Zergling x2  
  41  3:45  Zergling x2  
  41  3:47  Zergling x2  
  49  3:55  Overlord  
  49  3:56  Baneling x3  
  49  3:57  Baneling  
  49  3:58  Baneling  
  49  3:59  Baneling, Zergling x2  
  49  4:00  Zergling x2  
  51  4:09  Drone x3, Extractor, Roach Warren  
  52  4:12  Drone  
  52  4:21  Drone x5  
  57  4:28  Drone  
  57  4:29  Drone  
  56  4:32  Drone  
  56  4:37  Overlord x2  
  56  4:51  Roach x5  
  65  4:54  Roach  
  65  4:56  Roach  
  65  4:58  Roach  
  69  5:03  Roach x2  
  73  5:10  Roach x2  
  77  5:19  Zergling x6  
  77  5:20  Zergling x2  
  81  5:22  Overlord  
  81  5:29  Ravager  
  81  5:30  Zergling x4  
  81  5:31  Zergling x2  
  75  5:37  Zergling x4  
  75  5:38  Zergling x8  
  75  5:41  Zergling x2  
  75  5:42  Zergling x2  
  82  5:49  Evolution Chamber  
  80  5:50  Baneling  
  80  5:51  Baneling x3, Zergling x2  
  80  5:52  Zergling x10  
  80  5:55  Baneling x4  
  86  6:00  Drone  
  86  6:01  Zergling x4  
  86  6:02  Zergling x2  
  89  6:13  Zergling x2  
  89  6:16  Zergling x2  
  89  6:17  Zergling x2, Overlord  
  89  6:18  Overlord x2  
  80  6:28  Zerg Missile Weapons Level 1  
  80  6:31  Extractor, Roach x4  
  85  6:35  Roach  
  85  6:45  Drone x10  
  94  6:49  Roach  
  94  6:51  Roach  
  96  6:56  Roach  
  96  7:01  Baneling x3  
  95  7:05  Spine Crawler  
  93  7:11  Lair  
  93  7:16  Roach  
  93  7:17  Extractor  
  93  7:20  Overlord  
  93  7:21  Overlord  
  93  7:22  Roach  
  96  7:28  Roach  
  93  7:32  Roach x2  
  93  7:37  Drone x8  
  98  7:38  Overlord  
  105  7:46  Roach x3  
  105  7:49  Roach  
  113  7:57  Overlord x2  
  113  7:59  Overlord  
  113  8:03  Roach x2  
  113  8:04  Roach  
  119  8:09  Roach  
  119  8:11  Roach x2  
  119  8:12  Overlord x2  
  124  8:15  Roach x2  
  124  8:17  Roach  
  124  8:21  Roach  
  124  8:24  Roach x2  
  124  8:25  Glial Reconstitution  
  129  8:27  Roach  
  129  8:29  Roach x2  
  129  8:31  Roach  
  139  8:34  Roach  
  139  8:37  Roach x2  
  139  8:39  Roach  
  145  8:41  Roach  
  145  8:44  Overlord  
  145  8:45  Roach  
  145  8:48  Roach  
  151  8:50  Roach  
  151  8:51  Roach  
  151  8:52  Roach  
  157  8:58  Overlord x2  
  157  9:10  Overlord x2  
  157  9:13  Extractor  
  156  9:17  Spire  
  156  9:18  Drone x3  
  156  9:19  Drone x3, Extractor  
  156  9:23  Roach  
  162  9:25  Overlord x2  
  162  9:33  Roach x2  
  162  9:36  Overlord x2  
  166  9:42  Zergling x8  
  166  9:43  Zergling x2  
  166  9:44  Zergling x2  
  172  9:52  Roach  
  163  9:58  Zergling x8  
  153  10:02  Zergling x4  
  147  10:07  Zergling x4  
  133  10:28  Mutalisk x5  
  131  10:32  Mutalisk  
  143  10:37  Mutalisk  
  143  10:42  Zergling x2  
  146  10:43  Mutalisk x2  
  149  10:50  Mutalisk  
  151  10:58  Mutalisk  
  140  11:06  Zergling x16  
  140  11:08  Mutalisk  
  150  11:14  Mutalisk  
  146  11:21  Drone x5  
  146  11:23  Mutalisk  
  153  11:30  Mutalisk  
  155  11:35  Drone x2  
  155  11:37  Mutalisk  
  159  11:50  Mutalisk x2  
  161  11:57  Drone x3  
  161  11:58  Mutalisk, Overlord  
  166  12:04  Mutalisk  
  166  12:06  Overlord  
  168  12:11  Mutalisk  
  170  12:23  Mutalisk x2  
  170  12:26  Hatchery  
  170  12:29  Mutalisk  
  175  12:30  Overlord  
  175  12:39  Mutalisk  
  175  12:41  Mutalisk  
  179  12:51  Mutalisk  
  177  12:56  Mutalisk  
  181  12:59  Queen  
  181  13:01  Mutalisk  
  181  13:04  Overlord  
  185  13:06  Mutalisk, Extractor  
  185  13:10  Extractor  
Show
View Real Time Build Order
Export as new Build Order

RiSky Zerg 

Build Orders: Hatch First, Zergling Baneling 

Get SALT Encoding   

  12  0:00  Drone  
  13  0:12  Overlord  
  13  0:16  Drone  
  14  0:30  Drone x2  
  16  0:47  Hatchery  
  15  0:50  Drone  
  15  0:54  Drone  
  17  0:57  Drone  
  18  1:09  Extractor  
  17  1:12  Spawning Pool  
  17  1:16  Drone  
  17  1:18  Drone  
  18  1:27  Drone  
  20  1:40  Drone  
  20  1:49  Overlord  
  20  1:59  Queen x2  
  20  2:00  Zergling x2  
  20  2:01  Zergling x2  
  26  2:08  Metabolic Boost  
  26  2:11  Drone x2  
  28  2:22  Drone x2  
  30  2:33  Hatchery  
  30  2:36  Drone  
  30  2:38  Drone  
  32  2:44  Drone  
  32  2:49  Baneling Nest  
  31  2:54  Overlord  
  31  2:56  Drone  
  32  3:07  Drone  
  32  3:08  Zergling x4  
  32  3:10  Zergling x2  
  36  3:13  Drone x2  
  36  3:14  Zergling x2  
  36  3:15  Drone x2  
  41  3:22  Overlord  
  41  3:28  Drone, Evolution Chamber  
  41  3:34  Baneling  
  41  3:38  Drone x3  
  41  3:41  Drone x2  
  46  3:44  Zergling x2  
  46  3:45  Baneling  
  46  3:46  Zergling x2  
  46  3:47  Zergling x6  
  50  3:50  Queen  
  52  3:57  Overlord  
  52  3:58  Baneling  
  52  4:04  Baneling x2, Queen  
  52  4:07  Zergling x6  
  52  4:08  Baneling  
  57  4:11  Overlord  
  57  4:17  Baneling x2  
  56  4:26  Baneling x2, Zergling x2  
  56  4:27  Zergling x14  
  56  4:30  Zergling x4  
  63  4:35  Baneling  
  62  4:38  Zergling x4  
  62  4:39  Queen  
  62  4:44  Baneling  
  65  4:50  Drone x4  
  67  4:55  Extractor  
  67  4:56  Drone  
  67  4:57  Extractor  
  64  5:01  Drone  
  64  5:02  Roach Warren  
  64  5:04  Drone  
  65  5:09  Drone  
  65  5:12  Drone  
  66  5:17  Overlord  
  66  5:18  Overlord, Spine Crawler  
  53  5:46  Roach x11  
  74  5:51  Roach x2  
  74  5:53  Baneling  
  74  5:56  Zergling x6  
  81  6:02  Baneling x2  
  85  6:08  Roach x2  
  89  6:13  Overlord  
  89  6:17  Overlord  
  89  6:25  Zerg Ground Armor Level 1  
  86  6:29  Overlord  
  86  6:30  Drone  
  86  6:32  Drone x3  
  86  6:33  Drone x4, Extractor  
  86  6:38  Hatchery  
  88  6:53  Drone  
  87  7:00  Drone x2  
  88  7:08  Roach x7  
  102  7:10  Overlord  
  102  7:15  Roach  
  104  7:20  Zergling x8  
  108  7:28  Zergling x4  
  99  7:30  Ravager x2  
  99  7:33  Zergling x2  
  99  7:35  Ravager x2  
  99  7:36  Overlord x2  
  104  7:37  Zergling x2  
  104  7:42  Zergling x4  
  107  7:46  Overlord  
  107  7:49  Ravager  
  107  7:50  Overlord, Ravager  
  109  7:56  Ravager  
  109  7:57  Zergling x2  
  109  7:58  Zergling x4  
  113  8:01  Zergling x2  
  114  8:08  Zergling x8  
  114  8:14  Ravager x2  
  114  8:19  Zerg Missile Weapons Level 1  
  109  8:22  Ravager  
  109  8:23  Ravager  
  109  8:26  Zergling x2  
  112  8:27  Zergling x14  
  112  8:35  Lair  
  112  8:38  Drone x2  
  114  8:45  Drone x3  
  117  8:53  Drone x5  
  122  9:01  Drone x2  
  122  9:02  Drone x2  
  122  9:12  Roach x4  
  122  9:15  Roach  
  132  9:19  Roach x2  
  136  9:24  Roach  
  136  9:25  Roach x2  
  136  9:29  Roach x2  
  146  9:34  Roach  
  146  9:35  Roach x2  
  146  9:37  Glial Reconstitution  
  152  9:41  Roach  
  154  9:48  Overlord x2  
  150  9:55  Overlord  
  150  9:58  Ravager x2  
  152  10:00  Overlord  
  152  10:04  Overlord  
  145  10:14  Roach x2  
  139  10:29  Spire  
  139  10:34  Hatchery  
  137  10:39  Extractor  
  137  10:40  Extractor  
  137  10:41  Drone x3  
  137  10:42  Drone x5  
  141  11:08  Queen x2  
  143  11:18  Spore Crawler  
  138  11:19  Spore Crawler, Roach  
  138  11:22  Roach x5  
  138  11:25  Roach  
  147  11:28  Spore Crawler  
  147  11:30  Roach  
  148  11:35  Spore Crawler  
  148  11:37  Roach  
  149  12:20  Overlord x6  
  149  12:21  Overlord x3  
  149  12:31  Spore Crawler  
  148  12:43  Corruptor  
  160  12:54  Spore Crawler  
  160  12:58  Mutalisk x8  
  149  13:02  Mutalisk x4  
  173  13:10  Mutalisk x2  
  174  13:12  Mutalisk  
Tags
 
Add a new tag
Caveats
  • Supply blocks, unpowered buildings, or Contaminate may cause inaccurate times.
  • Supply counts are checked every 10 seconds.